 Dungeon Crawl Stone Soup version 0.18-a0-1542-g9c1a92e (webtiles) character file.

1260 JustSomeDude the Agent of Entropy (level 8, -1/62 HPs)
             Began as a Demonspawn Abyssal Knight on Mar 5, 2016.
             Was a Priest of Lugonu.
             Killed by nerve-wracking pain
             ... invoked by Grinder
              (3 damage)
             ... on level 5 of the Dungeon on Mar 10, 2016.
             The game lasted 00:20:27 (4186 turns).

JustSomeDude the Agent of Entropy (DsAK)            Turns: 4186, Time: 00:20:27

Health: -1/62      AC:  5    Str: 15    XL:     8   Next: 27%
Magic:  0/12       EV:  8    Int: 14    God:    Lugonu [***...]
Gold:   294        SH:  0    Dex: 12    Spells: 0 memorised, 7 levels left

rFire  . . .     SeeInvis .     a - +1 hand axe
rCold  . . .     Gourm    .     r - +0 chain mail
rNeg   . . .     Faith    .     (no shield)
rPois  .         Spirit   +     b - +0 helmet
rElec  .         Dismiss  .     e - +0 cloak
rCorr  .         Reflect  .     k - +0 pair of gloves
SustAt .         Harm     .     i - +0 pair of boots
MR     .....                    (no amulet)
Stlth  ..........               (no ring)
                                (no ring)

@: corroded equipment, not resistant to hostile enchantments, extremely
unstealthy
A: talons 1, slimy green scales 2, powered by pain 1, magic shield
a: Depart the Abyss, Bend Space, Banish, Renounce Religion


You were on level 5 of the Dungeon.
You worshipped Lugonu.
Lugonu was most pleased with you.
You were not hungry.

You visited 1 branch of the dungeon, and saw 5 of its levels.
You visited the Abyss 1 time.

You collected 294 gold pieces.

Inventory:

Hand Weapons
 a - a +1 hand axe (weapon)
Armour
 b - a +0 helmet (worn)
 e - a +0 cloak (worn)
 i - a +0 pair of boots (worn)
 k - a +0 pair of gloves (worn)
 r - a +0 chain mail (worn)
Wands
 x - a wand of iceblast (9/15)
Scrolls
 f - 2 scrolls of identify
 p - a scroll of fear
 q - a scroll of enchant armour
 w - 4 scrolls of teleportation
Comestibles
 c - 5 bread rations
 g - 2 slices of pizza
 l - a meat ration
 s - a beef jerky
 u - 4 fruits


   Skills:
 + Level 5.0 Fighting
 + Level 4.2 Axes
 + Level 4.5 Armour
 + Level 4.0 Dodging
 + Level 0.4 Stealth
 * Level 6.4 Invocations
 + Level 0.2 Evocations


You had 7 spell levels left.
You didn't know any spells.

Dungeon Overview and Level Annotations

Branches:
Dungeon (5/15)
 Temple: D:4-7

Altars:
Elyvilon
Fedhas
The Shining One

Annotations:
D:5 Grinder
Abyss:1 Pikel


Innate Abilities, Weirdness & Mutations

You have sharp toenails.
You are mostly covered in slimy green scales (AC +3).
You sometimes gain a little power by taking damage.
When hurt, damage is shared between your health and your magic reserves.


Message History

Grinder barely misses you.
Your chain mail prevents you from hitting Grinder.
Grinder is lightly wounded.
Grinder hits you.
* * * LOW HITPOINT WARNING * * *
You writhe in agony.
* * * LOW HITPOINT WARNING * * *
Read which item? (? for menu, Esc to quit)
As you read the scroll of fear, it crumbles to dust.
You assume a fearsome visage.
Grinder is unaffected.
Grinder hits you but does no damage.
Read which item? (? for menu, Esc to quit)
As you read the scroll of fog, it crumbles to dust.
The scroll dissolves into smoke.
Grinder barely misses you. Grinder gestures at you.
Pain shoots through your body!
* * * LOW HITPOINT WARNING * * *
Grinder gestures at you. Pain shoots through your body!
You die...

#######.##..#.#
..............#....
##....#.###.###...
......#.# #.####.########
#.....#.# #..#..........#
........# #.#..........#
......### #............#
......# #............#
......# #§§§@.......#
......#######§§§§§......#
..###........§5§§§......#
..# #.........§§§.......#
..# #.........§##########
#.# #..........# #.#
#..........# #.#
#..........# #.#
#..........#


You could see Grinder.

Vanquished Creatures
  Sigmund (D:4)
  Purgy (D:4)
  Duvessa (D:5)
  A slave (D:4)
  An ogre (D:4)
  A centaur (D:5)
  Dowan (D:5)
  A jelly (D:5)
  A centaur zombie (D:5)
  Terence (D:2)
  3 orc wizards (D:3)
  A worker ant (D:5)
  A worker ant zombie (D:4)
  9 adders
  2 oozes
  2 adder zombies
  A worm (D:2)
  A giant gecko (D:5)
  11 orcs
  7 bats
  5 giant cockroaches
  3 goblins
  4 hobgoblins
  9 kobolds
  2 quokkas
  2 ball pythons (D:1)
  A giant cockroach zombie (D:4)
  2 giant newts
  16 rats
92 creatures vanquished.

Vanquished Creatures (others)
  An orc warrior (D:4)
  2 slaves (D:4)
  A centaur (D:4)
  A centaur skeleton (D:4)
  A ball python zombie (D:4)
  A quokka zombie (D:4)
7 creatures vanquished.

Grand Total: 99 creatures vanquished

Notes
Turn   | Place    | Note
--------------------------------------------------------------
     0 | Abyss:1  | JustSomeDude the Demonspawn Abyssal Knight began the quest for the Orb.
     0 | Abyss:1  | Reached XP level 1. HP: 18/18 MP: 2/2
     9 | D:1      | Escaped the Abyss
   416 | D:1      | Gained mutation: You sometimes gain a little power by taking damage. [demonic ancestry]
   416 | D:1      | Reached XP level 2. HP: 16/24 MP: 4/4
   527 | D:1      | Reached skill level 1 in Dodging
   648 | D:1      | Upgraded the game from 0.18-a0-1507-g69458e0 to 0.18-a0-1514-g6ed9364
   648 | D:1      | Upgraded the game from 0.18-a0-1514-g6ed9364 to 0.18-a0-1521-g59d19af
   999 | D:1      | Reached ** piety under Lugonu
  1038 | D:2      | Reached XP level 3. HP: 25/29 MP: 5/5
  1271 | D:2      | Noticed Terence
  1298 | D:2      | Killed Terence
  1298 | D:2      | Gained mutation: You are partially covered in slimy green scales (AC +2). [demonic ancestry]
  1298 | D:2      | Reached XP level 4. HP: 12/35 MP: 6/6
  1418 | D:2      | Reached skill level 3 in Invocations
  1771 | D:3      | Upgraded the game from 0.18-a0-1521-g59d19af to 0.18-a0-1526-gcb34c7c
  1908 | D:3      | Gained mutation: When hurt, damage is shared between your health and your magic reserves. [demonic ancestry]
  1908 | D:3      | Reached XP level 5. HP: 32/41 MP: 7/7
  1972 | D:3      | Found a white marble altar of Elyvilon.
  2069 | D:3      | Reached *** piety under Lugonu
  2114 | D:3      | Reached skill level 4 in Invocations
  2675 | D:4      | Noticed a slave
  2677 | D:4      | Noticed Pikel
  2678 | D:4      | Noticed a slave
  2678 | D:4      | Noticed a slave
  2684 | D:4      | Noticed a slave
  2699 | D:4      | Banished Pikel
  2699 | D:4      | Gained mutation: You are mostly covered in slimy green scales (AC +3). [demonic ancestry]
  2699 | D:4      | Reached XP level 6. HP: 33/49 MP: 4/9
  2724 | D:4      | Killed a freed slave
  2777 | D:4      | Found a blossoming altar of Fedhas.
  2782 | D:4      | Killed a freed slave
  2803 | D:4      | Reached XP level 7. HP: 34/55 MP: 7/10
  2830 | D:4      | Upgraded the game from 0.18-a0-1526-gcb34c7c to 0.18-a0-1539-g1c7284a
  2847 | D:4      | Noticed Sigmund
  2878 | D:4      | Killed Sigmund
  2878 | D:4      | Reached skill level 5 in Invocations
  3030 | D:4      | Upgraded the game from 0.18-a0-1539-g1c7284a to 0.18-a0-1542-g9c1a92e
  3150 | D:4      | Noticed Crazy Yiuf
  3258 | D:4      | Noticed Purgy
  3272 | D:4      | Killed Purgy
  3386 | D:4      | Found a glowing golden altar of the Shining One.
  3743 | D:5      | Entered Level 5 of the Dungeon
  3922 | D:5      | Gained mutation: You have sharp toenails. [demonic ancestry]
  3922 | D:5      | Reached XP level 8. HP: 44/61 MP: 6/12
  3955 | D:5      | Noticed Duvessa
  3955 | D:5      | Noticed Dowan
  3984 | D:5      | Killed Duvessa
  3984 | D:5      | Reached skill level 6 in Invocations
  3995 | D:5      | Killed Dowan
  3995 | D:5      | Reached skill level 5 in Fighting
  4154 | D:5      | Noticed Grinder
  4185 | D:5      | HP: 2/62 [Grinder/nerve-wracking pain (4)]
  4186 | D:5      | Killed from afar by Grinder

Vault maps used:
D:1:      dpeg_arrival_simpleton_b
D:2:      kennysheep_generic_room_10, uniq_terence
D:3:      nicolae_overflow_crystal_walls, first_bread
D:4:      kennysheep_mini, kennysheep_mini_moat, serial_undead, serial_undead_f,
          serial_undead_b, serial_undead_e, serial_undead_c, uniq_sigmund,
          uniq_crazy_yiuf_cottage, uniq_pikel, uniq_purgy
D:5:      basic_altar, uniq_duvessa, uniq_grinder

Skill      XL: |  1  2  3  4  5  6  7  8 |
---------------+-------------------------+-----
Armour         | 2 3 4 |  4.5
Dodging        | 1 2 3 4 |  4.0
Axes           | 2 3 4 |  4.2
Invocations    | 3 4 5 6 |  6.4
Fighting       | 4 5 |  5.0
Stealth        | |  0.4
Evocations     | |  0.2

Action                   |  1- 3 |  4- 6 |  7- 9 || total
-------------------------+-------+-------+-------++-------
Melee: Hand axe          |   131 |   193 |   232 ||   556
       Mace              |       |    11 |       ||    11
Invok: Bend Space        |       |     1 |       ||     1
       Banish            |       |     1 |     1 ||     2
Evoke: Wand              |       |       |     2 ||     2
  Use: Scroll            |       |     7 |     7 ||    14
       Potion            |       |       |    10 ||    10
  Eat: Chunk             |     1 |     5 |     7 ||    13
